AoeStats
← [RAT] G0rm

African Clearing

504873344Analyzed
3v3 RM · 26d ago on Sep 6, 2026· 26m 56s· 6 players
Game mode
Random Map
Map size
Normal (6 player)
Population
200
Speed
Normal
Resources
Standard
Victory
Conquest
Starting age
Dark Age
Ending age
Imperial Age
RankedLock teamsTeams togetherTeam positionsShared explorationLock speedFull tech treeHidden civsTurbo modeCheats
Victory
Defeat
🇨🇱 Huns · Chile
1701
+9
🇨🇱 Magyars · Chile
1581
+14
🇦🇷 Ethiopians · Argentina
1521
+16
🇳🇱 Shu · Netherlands
1623
-16
🇷🇴 Cumans · Romania
1561
-14
🇷🇴 Muisca · Romania
1425
-9
[RAT] Havik_AoE
12:28 Feudal Age
16:45 Castle Age
15:19 Loom
16:42 Wheelbarrow
16:22 Scale Barding Armor
17:10 Double-Bit Axe
17:06 Horse Collar
Mihail
11:33 Loom
13:45 Feudal Age
21:43 Castle Age
22:06 Fletching
24:07 Bodkin Arrow
[RAT] G0rm
8:02 Loom
11:22 Feudal Age
12:00 Double-Bit Axe
18:56 Castle Age
17:01 Horse Collar
18:01 Fletching
20:05 Scale Barding Armor
NPG | Dequetelasdai
8:39 Loom
9:39 Loom
11:43 Feudal Age
12:29 Double-Bit Axe
16:27 Scale Barding Armor
19:48 Wheelbarrow
20:12 Horse Collar
23:59 Castle Age
23:46 Bloodlines
23:30 Gold Mining
25:08 Chain Barding Armor
Dkastro
7:59 Loom
11:23 Feudal Age
12:05 Double-Bit Axe
17:03 Fletching
23:49 Castle Age
23:52 Crossbowman
24:28 Bodkin Arrow
26:30 Wheelbarrow
26:07 Bow Saw
VOY TEUTONES VOY
10:03 Loom
12:43 Feudal Age
17:07 Castle Age
16:36 Double-Bit Axe
19:56 Town Watch
24:01 Bow Saw
26:24 Fletching
27:16 Bodkin Arrow
Connection lost

Rejoining the realm…

Still unreachable

The connection could not be restored.

Session expired

The server has moved on; the page needs a fresh start.